 Dungeon Crawl Stone Soup version 0.31.0-4-g52a2dc7128 (webtiles) character file.

Game seed: 15727456691193211019

46 inmateoo the Ruffian (level 3, -2/23 HPs)
             Began as an Octopode Shapeshifter on Jan 21, 2024.
             Slain by Terence
             ... wielding a +0 mace
              (5 damage)
             ... on level 2 of the Dungeon.
             The game lasted 00:01:08 (556 turns).

inmateoo the Ruffian (Octopode Shapeshifter)         Turns: 556, Time: 00:01:08

Health: -2/23      AC:  1    Str: 13    XL:     3   Next: 66%
Magic:  4/4        EV: 13    Int: 14    God:
Gold:   39         SH:  0    Dex: 11    Spells: 3/3 levels left

rFire   . .          .
                       - Unarmed
rCold   . . .        (no shield)
rNeg    . . .        (helmet currently unavailable)
rPois   .            (no amulet)
rElec   .            (no ring)
rCorr   .            (no ring)
SInv    .            (no ring)
Will    .....        (no ring)
Stlth   ++           (no ring)
HPRegen 0.23/turn    (no ring)
MPRegen 0.09/turn    (no ring)
                     (no ring)

%: no passive effects
@: beast-form
A: beast (slay +1), almost no armour, amphibious, 8 rings, camouflage 1,
gelatinous body 1, (nimble swimmer 1), tentacles
a: Begin Untransformation


You were on level 2 of the Dungeon.
You were a hulking beast.
You visited 1 branch of the dungeon, and saw 2 of its levels.

You collected 39 gold pieces.

Inventory:

Talismans
 b - a beast talisman (active)
 c - a flux talisman
Scrolls
 e - a scroll of immolation {unknown}
 f - a scroll of enchant weapon {unknown}
Potions
 a - a potion of lignification
 d - a potion of mutation {unknown}
 g - a potion of degeneration {unknown}
 h - a potion of brilliance {unknown}


   Skills:
 + Level 1.5 Fighting
 + Level 2.3 Dodging
 * Level 3.6 Unarmed Combat
 + Level 0.9 Spellcasting
 + Level 3.2 Shapeshifting


You had 3 spell levels left.
You didn't know any spells.
Your spell library contained the following spells:

 Spells                   Type           Power      Damage    Failure   Level
 Cigotuvi's Dreadful Rot  Necr/Alch/Air  0%         N/A       38%         2
 Ignite Poison            Fire/Alch      0%         N/A       95%         4
 Freezing Cloud           Conj/Ice/Air   0%         6-21      100%        5


Dungeon Overview and Level Annotations

Branches:
Dungeon (1/15)

Altars:

Annotations:
D:2 Terence


Innate Abilities, Weirdness & Mutations

You are a hulking beast.
Your limbs bulge with bestial killing power. (Slay +1)
You cannot wear most types of armour.
You are amphibious.
You can wear up to eight rings at the same time.
Your skin changes colour to match your surroundings (Stealth+).
Your rubbery body absorbs attacks. (AC +1, EV +1)
((You are camouflaged when in or above water. (Stealth+)))
You have tentacles for arms and can constrict up to eight enemies at once.


Message History

You tentacle-slap the hobgoblin but do no damage.
You grab the hobgoblin. You constrict the hobgoblin.
The hobgoblin barely misses you.
A hobgoblin is nearby!
You tentacle-slap the hobgoblin but do no damage.
The hobgoblin is heavily wounded.
You constrict the hobgoblin. The hobgoblin misses you.
You tentacle-slap the hobgoblin but do no damage.
You squeeze the hobgoblin.
You kill the hobgoblin!
h - a green potion No target in view!
You open the door.
There is an open door here.
Terence the Incautious comes into view.
He is wielding a +0 mace.
A bat comes into view.
Terence shouts!
The bat hits you but does no damage. The bat hits you but does no damage.
Terence attacks as he pursues you! Terence hits you with a +0 mace!
There is an open door here.
You tentacle-slap Terence. You grab Terence.
Terence is lightly wounded.
You constrict Terence, but do no damage.
Terence hits you with a +0 mace.
You are too injured to fight recklessly!
You tentacle-slap Terence. You squeeze Terence.
Terence is heavily wounded.
You constrict Terence. The bat misses you.
You tentacle-slap Terence but do no damage.
Terence is heavily wounded.
You constrict Terence, but do no damage.
Terence hits you with a +0 mace!
* * * LOW HITPOINT WARNING * * *
You tentacle-slap Terence. Your squeeze misses Terence.
Terence is severely wounded.
You constrict Terence, but do no damage.
The bat misses you. Terence hits you with a +0 mace.
You die...
Terence says, "Rest in peace."

##### #...# #########
#...# #.......# #...#
#.......# #...# #.......#
#...#####.......#
#...'...........#
#...####........### ###.#
#......b.h.######.. #†#
#........#@........ #.#
#.................. #.#
##...#####..#######
###.#####...# #..#
........+...+............
###'#####. #......##.##.
#.......# .......... ..
#.......# ##....#.... #.


You could see Terence and a bat.

Vanquished Creatures
  Robin (D:2)
  A dart slug (D:1)
  An endoplasm (D:2)
  2 giant cockroaches (D:1)
  9 goblins
  5 hobgoblins
  3 kobolds (D:1)
  A quokka (D:1)
  A ball python (D:2)
  2 bats
  A frilled lizard (D:1)
  A rat (D:1)
28 creatures vanquished.

Notes
Turn   | Place    | Note
-------+----------+-------------------------------------------
     0 | D:1      | inmateoo the Octopode Shapeshifter began the quest for the
                  | Orb.
     0 | D:1      | Reached XP level 1. HP: 13/13 MP: 1/1
    20 | D:1      | Found a faded altar of an unknown god.
   151 | D:1      | Reached XP level 2. HP: 13/18 MP: 2/2
   302 | D:1      | You fall into a shaft and drop 1 floor!
   371 | D:2      | Reached XP level 3. HP: 20/23 MP: 3/3
   386 | D:2      | Noticed Robin
   407 | D:2      | Killed Robin
   545 | D:2      | Noticed Terence
   556 | D:2      | Slain by Terence

Illustrated notes

Levels and vault maps discovered:
D:1:      lightli_arrival_flooded_house, layout_basic,
          shapermc_ecumenical_altar_gd
D:2:      layout_basic, basic_altar, nicolae_the_louvre, uniq_terence,
          uniq_robin

Action                     || total
---------------------------++-------
  Melee: Unarmed           ||    56
         Constrict         ||    14
         Tentacles         ||    12
         Punch             ||     1
   Stab: Sleeping          ||     1
 Armour: Skin              ||    21
  Dodge: Dodged            ||    33
   Form: Beast             ||     1
